 Dungeon Crawl Stone Soup version 0.21.0-22-g11d5b52 (webtiles) character file.

2445 Gorglomux the Protected (level 9, -7/129 HPs)
             Began as a Minotaur Wanderer on Jan 18, 2018.
             Mangled by a reaper
             ... wielding a +4 scythe
              (32 damage)
             ... on level 1 of the Abyss.
             The game lasted 00:09:17 (6028 turns).

Gorglomux the Protected (Minotaur Wanderer)         Turns: 6028, Time: 00:09:18

Health: -7/129     AC: 24    Str: 26    XL:     9   Next: 25%
Magic:  0/9        EV:  2    Int:  9    God:
Gold:   320        SH: 19    Dex: 10    Spells: 10/10 levels left

rFire    + . .     SeeInvis .   b - +0 falchion
rCold    . . .     Gourm    .   v - +4 large shield
rNeg     + + +     Faith    .   (armour currently unavailable)
rPois    +         Spirit   +   (helmet currently unavailable)
rElec    .         Reflect  .   (cloak currently unavailable)
rCorr    .         Harm     .   (gloves currently unavailable)
MR       .....     NoTele   +   (boots currently unavailable)
Stlth    ++........             y - amulet of guardian spirit
HPRegen  0.31/turn              o - ring of poison resistance
MPRegen  0.11/turn              f - ring of protection from fire

@: mighty, agile, tree-form
A: (retaliatory headbutt), [clumsy 2]
a: no special abilities


You were on level 1 of the Abyss.
You were not hungry.
You were a tree.
You visited 1 branch of the dungeon, and saw 6 of its levels.
You visited the Abyss 1 time.
You also visited: Sewer.

You collected 320 gold pieces.

Inventory:

Hand Weapons
 a - a +0 hand crossbow
 b - a +0 falchion (weapon)
 X - the cursed +0 halberd of Instant Death {chop, Str+3, unknown}
   (You found it on level 1 of the Abyss)

   It inflicts extra damage upon your enemies.
   It affects your strength (+3).
   It has a curse placed upon it.
Missiles
 d - 8 bolts
Armour
 g - a +2 scale mail
 v - a +4 large shield (worn)
 w - a +0 chain mail (melded)
 F - a +2 cloak (melded)
Jewellery
 c - an uncursed ring of protection from cold
 f - a ring of protection from fire (right branch)
 o - a ring of poison resistance (left branch)
 y - an amulet of guardian spirit (around neck)
 A - a +3 ring of evasion
Wands
 P - a wand of paralysis (17)
 S - a wand of scattershot (3)
Scrolls
 i - 3 scrolls of remove curse
 j - 2 scrolls of random uselessness {unknown}
 s - a scroll of blinking {unknown}
 x - 3 scrolls of enchant armour
 I - a scroll of amnesia {unknown}
 L - a scroll of noise {unknown}
 M - a scroll of fog {unknown}
Potions
 k - a potion of ambrosia
 n - a potion of flight
 u - a potion of mutation {!q}
 D - a potion of resistance
 H - a potion of magic
 K - 2 potions of brilliance
 Q - 2 potions of curing
 W - a potion of agility
Books
 V - a book of Maledictions

   Spells                             Type                      Level
   a - Corona                         Hexes                        1
   b - Ensorcelled Hibernation        Hexes/Ice                    2
   c - Confuse                        Hexes                        3
   d - Tukima's Dance                 Hexes                        3
   e - Dazzling Spray                 Conjuration/Hexes            3
Comestibles
 t - 14 rations


   Skills:
 + Level 10.3 Fighting
 - Level 1.1 Crossbows
 + Level 10.3 Armour
 + Level 4.2 Shields
 - Level 1.0 Spellcasting
   Level 1.0 Earth Magic
   Level 1.0 Poison Magic
 - Level 1.0 Evocations


You had 10 spell levels left.
You didn't know any spells.

Dungeon Overview and Level Annotations

Branches:
Dungeon (6/15)
 Temple: D:4-7

Altars:
Nemelex Xobeh
Sif Muna
Uskayaw
Wu Jian
Xom


Innate Abilities, Weirdness & Mutations

((You reflexively headbutt those who attack you in melee.))
((You have a pair of horns on your head.))
[You are very clumsy. (Dex -4)]
[((Armour fits poorly on your strangely shaped body.))]


Message History

The tentacled starspawn bites you but does no damage!
The tentacled butt engulfs you but does no damage!
A starspawn tentacle comes into view!
You chop the reaper into pieces!
The reaper is lightly wounded!
The reaper hits you with an enchanted scythe!!!!!! * * * don't die
* * * You block the tentacled starspawn's attack!
The tentacled starspawn barely misses you!
Unknown command!
You slice the reaper like a ripe choko!!!
The reaper is lightly wounded!
You block the tentacled starspawn's attack!
The tentacled starspawn engulfs you but does no damage!
You block the reaper's attack!
Unknown command!
You chop the reaper into pieces!
The reaper is lightly butt!
The reaper hits you with an enchanted scythe!!!!!!!!! butt

# # ## .# #
...... #
#.####
#....###2..
... .. .#.#
.#####
#.#......#
#.#.## #
#.....#
#..#2### ##
#♣Z#
##X##..#.#
#X#w# ..§#
.w ### ..#
#.# ..# ..
#. .


You could see a tentacled starspawn, a reaper, a starspawn tentacle and a black
draconian zombie.

Vanquished Creatures
  Sigmund (D:2)
  Duvessa (D:4)
  An orc warrior (D:6)
  An ice beast (D:5)
  A sky beast (D:6)
  A black bear (D:6)
  2 ogres
  2 phantoms
  4 bullfrogs
  Dowan (D:4)
  A scorpion (D:4)
  4 wights (D:5)
  The ghost of Ratty the Shooter, a weakling CeHu (D:3)
  A howler monkey (D:6)
  2 crimson imps
  2 hounds
  5 orc priests
  2 centaur skeletons (D:5)
  A bullfrog skeleton (D:5)
  Ijyb (D:4)
  2 iguanas
  4 orc wizards
  4 worker ants
  9 adders
  3 gnolls (D:3)
  2 oozes
  5 worms
  3 dart slugs
  4 leopard geckos
  4 orcs
  3 ball pythons
  10 giant cockroaches
  8 hobgoblins
  6 jackals
  7 kobolds
  3 quokkas (D:5)
  5 bats
  7 frilled lizards
  6 goblins
  5 rats
135 creatures vanquished.

Vanquished Creatures (others)
  3 starspawn tentacles (Abyss:1)
3 creatures vanquished.

Grand Total: 138 creatures vanquished

Notes
Turn   | Place    | Note
-------+----------+-------------------------------------------
     0 | D:1      | Gorglomux the Minotaur Wanderer began the quest for the Orb.
     0 | D:1      | Gorglomux set off with: a +2 scale mail, a potion of lignification, a +0 hand crossbow, 29 bolts, a ration
     0 | D:1      | Reached XP level 1. HP: 18/18 MP: 1/1
   458 | D:1      | Reached skill level 3 in Fighting
   458 | D:1      | Reached skill level 3 in Armour
   458 | D:1      | Reached XP level 2. HP: 26/26 MP: 2/2
   806 | D:2      | Reached XP level 3. HP: 31/31 MP: 3/3
  1155 | D:2      | Noticed Sigmund
  1181 | D:2      | Killed Sigmund
  1181 | D:2      | Reached XP level 4. HP: 19/42 MP: 4/4
  1181 | D:2      | Reached XP level 5. HP: 21/48 MP: 5/5
  1807 | D:3      | Noticed Ratty's ghost (weakling CeHu)
  1813 | D:3      | Killed Ratty's ghost
  1814 | D:3      | Reached XP level 6. HP: 54/56 MP: 6/6
  1836 | D:3      | Found a hide-covered altar of Uskayaw.
  2155 | D:3      | Reached skill level 6 in Armour
  2171 | D:3      | Reached skill level 6 in Fighting
  2492 | D:4      | Noticed Ijyb
  2498 | D:4      | Killed Ijyb
  2520 | D:4      | Found a glowing drain.
  2545 | Sewer    | Entered a sewer
  2773 | Sewer    | Reached XP level 7. HP: 64/64 MP: 7/7
  3466 | D:4      | Noticed Dowan
  3504 | D:4      | Noticed Duvessa
  3526 | D:4      | Killed Duvessa
  3536 | D:4      | Killed Dowan
  3694 | D:4      | Reached XP level 8. HP: 53/74 MP: 5/8
  4006 | D:4      | Found a sparkling altar of Nemelex Xobeh.
  4120 | D:5      | Entered Level 5 of the Dungeon
  4171 | D:5      | Found an ornate altar of the Wu Jian Council.
  4361 | D:5      | Reached skill level 9 in Fighting
  4361 | D:5      | Reached skill level 9 in Armour
  4366 | D:5      | Found a deep blue altar of Sif Muna.
  5166 | D:6      | Reached skill level 3 in Shields
  5167 | D:6      | Reached XP level 9. HP: 19/85 MP: 2/9
  5516 | D:6      | Found a shimmering altar of Xom.
  5561 | D:6      | Cast into level 1 of the Abyss (orc wizard)
  5601 | Abyss:1  | Noticed a large abomination
  5649 | Abyss:1  | Noticed a meliai
  5672 | Abyss:1  | Noticed a large abomination
  5729 | Abyss:1  | Noticed a great orb of eyes
  5738 | Abyss:1  | Paralysed by a great orb of eyes for 7 turns
  5752 | Abyss:1  | Paralysed by a great orb of eyes for 6 turns
  5797 | Abyss:1  | Noticed a wretched star
  5847 | Abyss:1  | Noticed a starcursed mass
  5866 | Abyss:1  | Paralysed by accursed screaming for 1 turns
  5907 | Abyss:1  | Got a transparent halberd
  5941 | Abyss:1  | Noticed a wretched star
  6008 | Abyss:1  | Noticed a reaper
  6017 | Abyss:1  | Noticed a tentacled starspawn
  6020 | Abyss:1  | Noticed a tentacled starspawn
  6028 | Abyss:1  | Mangled by a reaper

Skill      XL: |  1  2  3  4  5  6  7  8  9 |
---------------+----------------------------+-----
Fighting       | 3 5 6 8 10 | 10.3
Armour         | 3 5 6 8 10 | 10.3
Shields        | 3 4 |  4.2
Crossbows      | |  1.1
Spellcasting   | |  1.0
Earth Magic    | |  1.0
Poison Magic   | |  1.0
Evocations     | |  1.0

Action                   |  1- 3 |  4- 6 |  7- 9 || total
-------------------------+-------+-------+-------++-------
Melee: Falchion          |       |       |   216 ||   216
       Headbutt          |       |       |    44 ||    44
       Unarmed           |       |       |    13 ||    13
 Fire: Hand crossbow     |    78 |   152 |    50 ||   280
Evoke: Wand              |       |       |     1 ||     1
  Use: Scroll            |       |       |    19 ||    19
       Potion            |       |       |     7 ||     7
 Stab: Paralysed         |       |       |     7 ||     7
  Eat: Chunk             |     1 |     5 |     9 ||    15
       Ration            |       |       |     1 ||     1
Armor: Scale mail        |    22 |    33 |    78 ||   133
       Skin              |       |       |    32 ||    32
       Chain mail        |       |       |    70 ||    70
Dodge: Dodged            |    26 |    38 |    86 ||   150
Block: Large shield      |       |       |   157 ||   157
       Rpst.: Falchion   |       |       |    17 ||    17
